 Dungeon Crawl Stone Soup version 0.29-a0-666-g26d293caef (webtiles) character file.

Game seed: 12969655465033524144

58 CannotBeFrozen the Slasher (level 3, -1/29 HPs)
             Began as a Demigod Warper on June 23, 2022.
             Slain by a gnoll
             ... wielding a +0 halberd
              (15 damage)
             ... on level 1 of the Dungeon.
             The game lasted 00:05:13 (2208 turns).

CannotBeFrozen the Slasher (Demigod Warper)         Turns: 2208, Time: 00:05:13

Health: -1/29      AC:  5    Str: 12    XL:     3   Next: 51%
Magic:  8/8        EV: 11    Int: 15    God:
Gold:   37         SH:  0    Dex: 17    Spells: 3/5 levels left

rFire   . . .      SeeInvis .   a - +0 falchion
rCold   . . .      Faith    .   (no shield)
rNeg    . . .      Spirit   .   j - +0 ring mail
rPois   .          Reflect  .   (no helmet)
rElec   .          Harm     .   (no cloak)
rCorr   .          Rampage  .   (no gloves)
Will    .....                   (no boots)
Stlth   +.........              (no amulet)
HPRegen 0.09/turn               (no ring)
MPRegen 0.11/turn               (no ring)

@: no status effects
A: high MP 1, forlorn, divine attributes
a: no special abilities


You were on level 1 of the Dungeon.
You visited 1 branch of the dungeon, and saw 2 of its levels.

You collected 37 gold pieces.

Inventory:

Hand Weapons
 a - a +0 falchion (weapon)
Missiles
 b - 12 stones
 d - 7 boomerangs of dispersal {=f =F}
 h - 3 poisoned darts (quivered)
Armour
 j - a +0 ring mail (worn)
Scrolls
 c - a scroll of blinking
 f - 2 scrolls of identify {unknown}
 k - a scroll of summoning {unknown}
Potions
 e - a potion of degeneration {unknown}
 g - 2 potions of invisibility {unknown}
 i - a potion of berserk rage {unknown}
 l - 2 potions of brilliance {unknown}


   Skills:
 - Level 1.7 Fighting
 + Level 3.8 Long Blades
 - Level 0.8 Throwing
 - Level 0.8 Armour
 - Level 1.7 Dodging
 - Level 1.7 Spellcasting
 - Level 2.6 Translocations


You had 3 spell levels left.
You knew the following spells:

 Your Spells              Type           Power      Damage    Failure   Level
z - Blink                 Tloc           18%        N/A       26%         2

Your spell library contained the following spells:

 Spells                   Type           Power      Damage    Failure   Level
 Gell's Gravitas          Tloc           9%         N/A       45%         3
 Lesser Beckoning         Tloc           9%         N/A       45%         3
 Teleport Other           Tloc           9%         N/A       45%         3
 Inner Flame              Hex/Fire       1%         N/A       83%         3
 Iskenderun's Mystic Bla  Conj/Tloc      5%         2d3       96%         4
 Cause Fear               Hex            0%         N/A       99%         4
 Fulminant Prism          Conj/Hex       0%         3d6       99%         4
 Manifold Assault         Tloc           9%         N/A       99%         5
 Lee's Rapid Deconstruct  Erth           0%         3d5*      100%        5
 Discord                  Hex            0%         N/A       100%        8


Dungeon Overview and Level Annotations

Branches:
Dungeon (2/15)

Annotations:
D:2 Terence


Innate Abilities, Weirdness & Mutations

You have an increased reservoir of magic. (+10% MP)
You shall have no god before yourself.
Your divine heritage dramatically boosts your attributes as you level up.


Message History

Level annotation: Terence
There is a stone staircase leading up here.
A gnoll comes into view. It is wielding a +0 whip.
The gnoll shouts!
You hear an angry hiss.
The gnoll shouts!
The gnoll hits you from afar with a +0 halberd!
HP: 19/29 (-10) =======----- !!!
The gnoll hits you but does no damage. The gnoll misses you.
The gnoll hits you from afar with a +0 halberd.
There is a stone staircase leading up here.
You climb upwards.
There is a stone staircase leading down here.
You start resting.
HP restored.
There is a stone staircase leading down here.
You climb downwards.
Level annotation: Terence
There is a stone staircase leading up here.
The gnoll hits you from afar with a +0 halberd.
There is a stone staircase leading up, spattered with blood here.
HP: 26/29 (-3) ==========-- !
The gnoll misses you.
There is a stone staircase leading up, spattered with blood here.
The gnoll misses you.
You climb upwards.
There is a stone staircase leading down here.
You hit the gnoll.
The gnoll is moderately wounded.
The gnoll barely misses you.
You hit the gnoll.
The gnoll is heavily wounded.
The gnoll hits you with a +0 halberd!
* * * LOW HITPOINT WARNING * * *
HP: 14/29 (-12) =====------- !!!!
You closely miss the gnoll.
The gnoll is heavily wounded.
The gnoll hits you with a +0 halberd!
Ouch! That really hurt!
You die...

##...#####.#.......######.# #.
##.###......###..## ####.####
##. #.# #.##...#⌠#)## #.......#
#.# #.# #.###..###.# #.##.##.#
#.. #.# #.# #......# #.##>##.#
#.. #.# #.###.###.## #.#.†##.#
#.. #.# #.....###'## #.#.###.#
#.. #.###.....##...## #.#.# #.#
#.# #...#.........@g## #.#.###.#
#.# #.#.###........÷.###.......#
#..
#...#....#........####...#######
#####.^..#........'.............
#...#.###........####...#######
#.......#.......##......# #
###.....##.....###.##.#.# #
#....######...## #.##.#.## #
####....#.....#+## #.##..#)## #


You could see a gnoll.

Vanquished Creatures
  A gnoll (D:1)
  An adder (D:2)
  A worm (D:2)
  4 ball pythons (D:1)
  3 endoplasms (D:1)
  2 giant cockroaches (D:1)
  7 goblins
  2 hobgoblins (D:2)
  2 jackals (D:1)
  A quokka (D:1)
  3 bats (D:1)
  A frilled lizard (D:1)
  2 kobolds (D:1)
  2 rats (D:1)
32 creatures vanquished.

Notes
Turn   | Place    | Note
-------+----------+-------------------------------------------
     0 | D:1      | CannotBeFrozen the Demigod Warper began the quest for the
                  | Orb.
     0 | D:1      | Reached XP level 1. HP: 17/17 MP: 5/5
   128 | D:1      | Reached skill level 2 in Long Blades
   310 | D:1      | Reached XP level 2. HP: 16/24 MP: 7/7
   408 | D:1      | Learned a level 2 spell: Blink
   640 | D:1      | Reached skill level 3 in Long Blades
   966 | D:1      | Reached XP level 3. HP: 29/29 MP: 8/8
  1657 | D:2      | Noticed Terence
  2208 | D:1      | Slain by a gnoll

Illustrated notes

Levels and vault maps discovered:
D:1:      elethiomel_arrival_maze, layout_loops_corners,
          ebering_ecumenical_altar_hall, minmay_misc_feat_enclosed,
          hangedman_decor_push, feat_on_display
D:2:      layout_loops_cross, chequers_serial_rivers_micro_b, chequers_avenue,
          minivault_19, uniq_terence

Skill      XL: |  1  2 |
---------------+-------+-----
Long Blades    | 2 3 |  3.8
Fighting       | |  1.7
Throwing       | |  0.8
Armour         | |  0.8
Dodging        | |  1.7
Spellcasting   | |  1.7
Translocations | |  2.6

Action                   || total
-------------------------++-------
Melee: Falchion          ||   131
       Punch             ||     1
Armor: Ring mail         ||    53
       Leather armour    ||     1
Dodge: Dodged            ||    97

Table legend: (Time is in decaauts)
 A = Elapsed time spent in this place.
 B = Non-inter-level travel time spent in this place.
 C = Inter-level travel time spent in this place.
 D = Time resting spent in this place.
 E = Time spent auto-exploring this place.
 F = Levels seen in this place.
 G = Mean time per level.
                   A        B        C        D        E       F      G
               +--------+--------+--------+--------+--------+-----+--------+
         Total |   2231 |   2099 |    132 |    595 |    995 |   2 | 1115.5 |
       Dungeon |   2231 |   2099 |    132 |    595 |    995 |   2 | 1115.5 |
               +--------+--------+--------+--------+--------+-----+--------+

Top non-repeatable levels by time:
     D:1: 1951 daAuts
     D:2: 280 daAuts
